 Dungeon Crawl Stone Soup version 0.28-a0-1038-g9c4cb8273d (webtiles) character file.

Game seed: 18331007019303406504

1617 siradein the Skirmisher (level 8, -1/70 HPs)
             Began as a Yellow Draconian Fighter on Dec 8, 2021.
             Was a Follower of Yredelemnul.
             Slain by an orc warrior (9 damage)
             ... on level 7 of the Dungeon.
             The game lasted 00:11:43 (5771 turns).

siradein the Skirmisher (Yellow Draconian Fighter)  Turns: 5771, Time: 00:11:44

Health: -1/70      AC:  9    Str: 22    XL:     8   Next: 64%
Magic:  10/10      EV: 13    Int:  8    God:    Yredelemnul [*.....]
Gold:   221        SH:  5    Dex: 10    Spells: 7/7 levels left

rFire   . . .      SeeInvis .   a - +0 flail
rCold   . . .      Faith    .   b - +0 buckler
rNeg    . . .      Spirit   .   (armour unavailable)
rPois   .          Reflect  .   (helmet restricted)
rElec   .          Harm     .   t - +0 cloak
rCorr   +          Rampage  .   y - +0 pair of gloves
Will    .....                   w - +0 pair of boots
Stlth   +.........              g - amulet of regeneration
HPRegen 1.01/turn               (no ring)
MPRegen 0.12/turn               (no ring)

@: short of breath
A: spit acid, AC +6, unfitting armour, cold-blooded, acid resistance
a: Breathe Acid, Renounce Religion, Animate Remains


You were on level 7 of the Dungeon.
You worshipped Yredelemnul.
Yredelemnul was aware of your devotion.
You visited 2 branches of the dungeon, and saw 8 of its levels.

You collected 277 gold pieces.
You spent 56 gold pieces at shops.

Inventory:

Hand Weapons
 a - a +0 flail (weapon)
Missiles
 k - 34 poisoned darts
 o - 2 throwing nets
Armour
 b - a +0 buckler (worn)
 t - a +0 cloak (worn)
 w - a +0 pair of boots (worn)
 y - a +0 pair of gloves (worn)
Jewellery
 g - an amulet of regeneration (around neck)
Wands
 p - a wand of flame (18)
 r - a wand of iceblast (12)
 u - a wand of digging (6)
Scrolls
 d - 2 scrolls of immolation {unknown}
 j - 4 scrolls of vulnerability {unknown}
 l - 2 scrolls of identify {unknown}
 m - 4 scrolls of fear
 q - a scroll of fog {unknown}
 s - 5 scrolls of enchant weapon {unknown}
 x - a scroll of enchant armour {unknown}
Potions
 c - a potion of might
 e - a potion of mutation {unknown}
 f - a potion of lignification {unknown}
 h - 2 potions of flight {unknown}
 i - 4 potions of brilliance {unknown}
 n - 2 potions of heal wounds {unknown}
 v - a potion of curing


   Skills:
 + Level 6.2 Fighting
 + Level 5.1 Maces & Flails
 + Level 5.0 Dodging
 + Level 5.6 Shields
 + Level 3.9 Invocations
 + Level 3.4 Evocations


You had 7 spell levels left.
You didn't know any spells.
Your spell library contained the following spells:

 Spells                   Type           Power      Damage    Failure   Level
 Shock                    Conj/Air       0%         1d3       41%         1
 Slow                     Hex            0%         N/A       41%         1
 Sting                    Tmut/Pois      0%         1d3       41%         1
 Ensorcelled Hibernation  Hex/Ice        0%         N/A       54%         2
 Poisonous Vapours        Pois/Air       0%         N/A       54%         2
 Confusing Touch          Hex            0%         N/A       78%         3
 Swiftness                Air            0%         N/A       78%         3
 Tukima's Dance           Hex            0%         N/A       78%         3
 Vampiric Draining        Necr           0%         2d6       78%         3
 Airstrike                Air            0%         N/A       99%         4
 Olgreb's Toxic Radiance  Pois           0%         N/A       99%         4


Dungeon Overview and Level Annotations

Branches:
Dungeon (7/15)             Temple (1/1) D:4

Altars:
Cheibriados
Dithmenos
Elyvilon
Fedhas
Gozag
Hepliaklqana
Kikubaaqudgha
Makhleb
Nemelex Xobeh
Okawaru
Qazlal
Ru
Trog
Uskayaw
Vehumet
Wu Jian
Xom
Yredelemnul
Zin
The Shining One

Shops:
D:4 !

Annotations:
D:4 1 runed translucent door, Crazy Yiuf


Innate Abilities, Weirdness & Mutations

You can spit globs of acid.
Your golden yellow scales are hard. (AC +6)
You cannot fit into any form of body armour.
You are cold-blooded and may be slowed by cold attacks.
You are resistant to acid. (rCorr)


Message History

The orc wizard flickers and vanishes!
Deactivating autopickup; reactivate with Ctrl-A.
The orc warrior barely misses you.
You completely miss the orc warrior.
The orc warrior is moderately wounded.
The orc warrior hits you with a +0 trident!
You hit the orc warrior.
The orc warrior is heavily wounded.
The orc warrior hits you with a +0 trident!
You hit the orc warrior but do no damage.
The orc warrior is heavily wounded.
Something hits you.
The orc warrior hits you with a +0 trident!
You hear some strange, mumbled words.
A magic dart appears from out of thin air!
The magic dart hits you but does no damage.
You hit the orc warrior.
The orc warrior is severely wounded.
The orc warrior hits you with a +0 trident.
Something hits you but does no damage.
You hit the orc warrior.
The orc warrior is severely wounded.
The orc warrior hits you with a +0 trident!
* * * LOW HITPOINT WARNING * * *
Something hits you but does no damage.
Unknown command.
You closely miss the orc warrior.
The orc warrior is severely wounded.
The orc warrior closely misses you. Something hits you but does no damage.
The orc warrior hits you with a +0 trident.
* * * LOW HITPOINT WARNING * * *
Unknown command.
Something hits you but does no damage.
The orc warrior hits you from afar with a +0 trident.
* * * LOW HITPOINT WARNING * * *
There is a stone staircase leading up, spattered with blood here.
Something hits you but does no damage.
The orc warrior hits you from afar with a +0 trident!
You die...
Your body rises from the dead as a mindless zombie.

#### ##..# ##...#######
#......##..# ###.........#
##Z#......##.####
#)>)....#.......##
Z.##...)#........# ###
#.##..#.........@##...#
####..##......o{......#
###....#................
##.................##...
##.................##.....
##.......##......#..#.....
#[.......#................
............#...............
............#..........##...


You could see an orc warrior (corroded).

Vanquished Creatures
  A water moccasin (D:6)
  An orc warrior (D:7)
  2 ogres (D:4)
  A kobold brigand (D:7)
  A scorpion (D:5)
  A wyvern skeleton (D:5)
  5 killer bees
  4 wights (D:7)
  A jelly (D:6)
  2 bullfrog zombies
  5 hounds
  An orc priest (D:7)
  2 centaur skeletons
  2 iguanas
  3 orc wizards
  A howler monkey zombie (D:6)
  A howler monkey skeleton (D:5)
  3 adders
  An ufetubus (D:4)
  2 worms
  2 dart slugs
  8 orcs
  4 endoplasms
  3 giant cockroaches
  5 goblins
  8 hobgoblins
  3 jackals (D:3)
  3 quokkas
  6 ball pythons
  4 bats
  2 frilled lizards (D:1)
  9 kobolds
  8 rats
105 creatures vanquished.

Vanquished Creatures (collateral kills)
  A kobold brigand (D:7)
  An orc (D:7)
  4 kobolds (D:7)
6 creatures vanquished.

Vanquished Creatures (others)
  5 kobold zombies (D:7)
  4 orc zombies (D:7)
9 creatures vanquished.

Grand Total: 120 creatures vanquished

Notes
Turn   | Place    | Note
-------+----------+-------------------------------------------
     0 | D:1      | siradein the Draconian Fighter began the quest for the Orb.
     0 | D:1      | Reached XP level 1. HP: 19/19 MP: 1/1
    55 | D:1      | Found a faded altar of an unknown god.
   127 | D:1      | Reached XP level 2. HP: 19/26 MP: 2/2
   757 | D:2      | Reached XP level 3. HP: 31/31 MP: 3/3
  1762 | D:3      | Reached XP level 4. HP: 40/40 MP: 4/4
  2064 | D:4      | You fall into a shaft and drop 1 floor!
  2064 | D:5      | Entered Level 5 of the Dungeon
  2082 | D:5      | Noticed a scorpion
  2089 | D:5      | Killed a scorpion
  2090 | D:5      | Reached skill level 4 in Fighting
  2145 | D:5      | Reached XP level 5. HP: 36/46 MP: 5/5
  2453 | D:4      | Found a staircase to the Ecumenical Temple.
  2499 | Temple   | Entered the Ecumenical Temple
  2690 | Temple   | Became a worshipper of Yredelemnul the Dark
  2806 | D:4      | Noticed a +0 hand axe
  2807 | D:4      | Found a hide-covered altar of Uskayaw.
  2807 | D:4      | Noticed a +0 dagger
  2942 | D:4      | Found an ancient bone altar of Kikubaaqudgha.
  2946 | D:4      | Reached XP level 6. HP: 49/53 MP: 6/6
  2950 | D:4      | Found an opulent altar of Gozag.
  3008 | D:4      | Reached skill level 1 in Invocations
  3008 | D:4      | Reached skill level 1 in Evocations
  3127 | D:4      | Found Ahimoij's Distillery.
  3132 | D:4      | Bought a potion of curing for 42 gold pieces
  3132 | D:4      | Bought a potion of degeneration for 14 gold pieces
  3295 | D:4      | Found a runed translucent door.
  3296 | D:4      | Noticed Crazy Yiuf
  3621 | D:5      | Reached skill level 5 in Fighting
  3621 | D:5      | Your scales start taking on a golden yellow colour.
  3621 | D:5      | Reached XP level 7. HP: 61/61 MP: 8/8
  3621 | D:5      | Gained mutation: You are resistant to acid. (rCorr) [Yellow
                  | Draconian growth]
  3906 | D:5      | Reached * piety under Yredelemnul
  4305 | D:6      | Found an ornate altar of the Wu Jian Council.
  4605 | D:6      | Reached skill level 5 in Shields
  5028 | D:7      | Reached XP level 8. HP: 30/69 MP: 10/10
  5314 | D:7      | Reached skill level 6 in Fighting
  5334 | D:6      | Reached skill level 5 in Maces & Flails
  5412 | D:7      | Reached skill level 5 in Dodging
  5771 | D:7      | Slain by an orc warrior

Illustrated notes

Levels and vault maps discovered:
D:1:      lightli_arrival_noodles, layout_loops_ring,
          chequers_ecumenical_altar_island
D:2:      layout_basic
D:3:      layout_loops_ring, corexii_corridor_pit
D:4:      layout_loops_ring, dancing_weapons_uskayaw,
          gammafunk_temple_overflow_pools, minmay_temple_entry_hall,
          serial_shops, nicolae_shop_crystal, uniq_crazy_yiuf_cottage
D:5:      layout_basic
D:6:      layout_loops_corners, mainiacjoe_overflow_catwalk,
          nicolae_zen_rock_garden
D:7:      layout_cave_pools, the_hattery
Temple:   eino_temple_scatter_basement

Skill      XL: |  1  2  3  4  5  6  7  8 |
---------------+-------------------------+-----
Dodging        | 3 4 5 |  5.0
Fighting       | 4 5 6 |  6.2
Maces & Flails | 3 4 5 |  5.1
Shields        | 4 5 |  5.6
Invocations    | 1 3 |  3.9
Evocations     | 1 2 3 |  3.4

Action                   |  1- 3 |  4- 6 |  7- 9 || total
-------------------------+-------+-------+-------++-------
Melee: Flail             |   126 |   112 |   182 ||   420
       Tailslap          |    11 |    19 |    22 ||    52
Throw: Dart              |       |     3 |     1 ||     4
Invok: Animate Remains   |       |       |    11 ||    11
 Abil: Breathe Acid      |       |       |    13 ||    13
  Use: Scroll            |       |     1 |       ||     1
 Stab: Sleeping          |     1 |       |       ||     1
Armor: Skin              |    48 |    27 |    92 ||   167
Dodge: Dodged            |    63 |    54 |   159 ||   276
Block: Buckler           |    29 |    26 |    61 ||   116

Table legend: (Time is in decaauts)
 A = Elapsed time spent in this place.
 B = Non-inter-level travel time spent in this place.
 C = Inter-level travel time spent in this place.
 D = Time resting spent in this place.
 E = Time spent auto-exploring this place.
 F = Levels seen in this place.
 G = Mean time per level.
                   A        B        C        D        E       F      G
               +--------+--------+--------+--------+--------+-----+--------+
         Total |   5873 |   5623 |    250 |    362 |   4043 |   8 |  734.1 |
       Dungeon |   5661 |   5411 |    250 |    362 |   3883 |   7 |  808.7 |
        Temple |    211 |    211 |      0 |      0 |    160 |   1 |  211.0 |
               +--------+--------+--------+--------+--------+-----+--------+

Top non-repeatable levels by time:
     D:6: 1364 daAuts
     D:4: 983 daAuts
     D:1: 762 daAuts
     D:5: 750 daAuts
     D:2: 673 daAuts
     D:3: 667 daAuts
     D:7: 459 daAuts
  Temple: 211 daAuts
